AoeStats
← Alexander

African Clearing

510534606Analyzed
3v3 RM · 22h ago on Oct 1, 2026· 47m 29s· 6 players
Game mode
Random Map
Map size
Normal (6 player)
Population
200
Speed
Normal
Resources
Standard
Victory
Conquest
Starting age
Dark Age
Ending age
Imperial Age
RankedLock teamsTeams togetherTeam positionsShared explorationLock speedFull tech treeHidden civsTurbo modeCheats
Victory
Defeat
🇹🇼 Saxons · Taiwan
1241
+17
🇹🇼 Huns · Taiwan
1226
+18
🇹🇼 Magyars · Taiwan
1174
+20
🇻🇳 Huns · Vietnam
1311
-20
🇹🇼 Mongols · Taiwan
1248
-18
🇨🇭 Maya · Switzerland
1230
-17
Alexander
6:33 Loom
13:54 Feudal Age
17:47 Castle Age
16:48 Bloodlines
16:49 Double-Bit Axe
17:25 Scale Barding Armor
17:48 Gold Mining
18:36 Husbandry
18:49 Forging
33:29 Elite Skirmisher
38:57 Wheelbarrow
halong1301
5:42 Loom
14:10 Feudal Age
14:42 Double-Bit Axe
19:54 Castle Age
17:58 Horse Collar
20:51 Bow Saw
22:11 Fletching
28:07 Bodkin Arrow
33:57 Scale Barding Armor
34:28 Bloodlines
34:19 Husbandry
35:20 Forging
36:44 Chain Barding Armor
36:30 Marauders
36:47 Stone Mining
36:47 Gold Mining
39:02 Iron Casting
42:12 Imperial Age
40:36 Gold Shaft Mining
40:48 Heavy Plow
42:13 Elite Tarkan
42:58 Cavalier
44:49 Plate Barding Armor
45:49 Blast Furnace
ramzih
9:36 Loom
11:49 Feudal Age
12:17 Double-Bit Axe
16:49 Horse Collar
21:26 Castle Age
20:06 Fletching
21:33 Padded Archer Armor
21:45 Crossbowman
23:23 Bow Saw
25:17 Bodkin Arrow
29:02 Gold Mining
29:19 Heavy Plow
31:12 Wheelbarrow
30:23 Town Watch
38:38 Hand Cart
43:03 Imperial Age
42:55 Leather Archer Armor
43:58 Bracer
李大爺
6:46 Loom
13:27 Feudal Age
15:09 Double-Bit Axe
18:23 Castle Age
16:38 Fletching
17:29 Gold Mining
19:09 Bodkin Arrow
23:51 Bow Saw
26:06 Ballistics
28:25 Wheelbarrow
31:39 Horse Collar
32:26 Husbandry
35:41 Thumb Ring
36:00 Town Watch
37:10 Padded Archer Armor
41:52 Imperial Age
40:46 Hand Cart
41:25 Leather Archer Armor
41:16 Scale Barding Armor
42:39 Bracer
43:34 Gold Shaft Mining
43:12 Bloodlines
44:38 Parthian Tactics
44:26 Heavy Cavalry Archer
46:06 Conscription
王先生
10:11 Loom
12:31 Feudal Age
18:20 Castle Age
17:43 Fletching
18:38 Fishing Lines
21:21 Wheelbarrow
24:31 Bodkin Arrow
32:09 Gold Mining
32:09 Stone Mining
32:11 Double-Bit Axe
33:39 Bow Saw
38:20 Stone Mining
41:23 Imperial Age
39:45 Gambesons
40:00 Squires
39:46 Arson
40:30 Hand Cart
41:19 Town Watch
41:42 Scale Mail Armor
41:46 Elite Varangian Guard
42:43 Horse Collar
43:40 Chain Mail Armor
44:08 Forging
45:56 Conscription
45:27 Shield Wall
南港包大爺
10:33 Loom
13:40 Feudal Age
14:41 Double-Bit Axe
16:53 Bloodlines
19:33 Horse Collar
24:15 Castle Age
25:44 Bow Saw
26:41 Husbandry
31:34 Heavy Plow
32:45 Scale Barding Armor
39:58 Imperial Age
38:16 Chain Barding Armor
37:49 Gold Mining
40:22 Gold Shaft Mining
40:35 Cavalier
42:33 Corvinian Army
42:44 Elite Magyar Huszar
Connection lost

Rejoining the realm…

Still unreachable

The connection could not be restored.

Session expired

The server has moved on; the page needs a fresh start.